 Dungeon Crawl Stone Soup version 0.26-a0-43-g20b394c (webtiles) character file.

Game seed: 5165599913623551026

4 Ayyar the Sneak (level 1, -2/14 HPs)
             Began as an Octopode Assassin on June 2, 2020.
             Slain by a leopard gecko (3 damage)
             ... on level 1 of the Dungeon.
             The game lasted 00:01:13 (199 turns).

Ayyar the Sneak (Octopode Assassin)                  Turns: 199, Time: 00:01:14

Health: -2/14      AC:  1    Str: 10    XL:     1   Next: 60%
Magic:  1/1        EV: 13    Int: 13    God:
Gold:   28         SH:  0    Dex: 13    Spells: 0/0 levels left

rFire    . . .     SeeInvis .   a - +2 dagger
rCold    . . .     Gourm    .   (no shield)
rNeg     . . .     Faith    .   (helmet restricted)
rPois    .         Spirit   .   (no amulet)
rElec    .         Reflect  .   (no ring)
rCorr    .         Harm     .   (no ring)
MR       .....                  (no ring)
Stlth    ++++......             (no ring)
HPRegen  0.04/turn              (no ring)
MPRegen  0.07/turn              (no ring)
                                (no ring)
                                (no ring)

@: no status effects
A: almost no armour, stealthy swim, amphibious, 8 rings, constrict 8, camouflage
1, gelatinous body 1, MP-powered wands
a: no special abilities


You were on level 1 of the Dungeon.
You were not hungry.

You visited 1 branch of the dungeon, and saw 1 of its levels.

You collected 28 gold pieces.

Inventory:

Hand Weapons
 a - a +2 dagger (weapon)
Missiles
 b - 4 poisoned darts (quivered)
 c - 2 curare-tipped darts
Scrolls
 e - a scroll of fear {unknown}
 f - a scroll of identify {unknown}
 g - a scroll of remove curse {unknown}
 h - a scroll of fog {unknown}
Comestibles
 d - a ration
 j - 2 chunks of flesh


   Skills:
 + Level 2.0 Fighting
 + Level 2.0 Short Blades
 + Level 2.0 Throwing
 + Level 1.1 Dodging
 + Level 5.3 Stealth


You couldn't memorise any spells.
You didn't know any spells.
Your spell library was empty.

Dungeon Overview and Level Annotations

Branches:
Dungeon (1/15)

Altars:


Innate Abilities, Weirdness & Mutations

You cannot wear most types of armour.
You are very stealthy in the water. (Stealth+)
You are amphibious.
You can wear up to eight rings at the same time.
You can use your tentacles to constrict eight enemies at once.
Your skin changes colour to match your surroundings (Stealth+).
Your rubbery body absorbs attacks. (AC +1, EV +1)
You expend magic power (3 MP) to strengthen your wands.


Message History

You throw a poisoned dart.
The poisoned dart hits the leopard gecko.
The leopard gecko is moderately wounded.
The leopard gecko closely misses you.
Throwing (i - inventory. (/) - cycle)
b - 5 poisoned darts (quivered)
Press: ? - help, Shift-Dir - straight line, f/p - leopard gecko
Aim: a leopard gecko (severely wounded, poisoned)
You throw a poisoned dart.
The poisoned dart completely misses the leopard gecko.
The poisoned dart barely misses the giant cockroach.
The leopard gecko bites you.
* * * LOW HITPOINT WARNING * * *
It was a potion of mutation.
You feel extremely strange.
You feel clever.
You feel stupid.
You feel your magical essence link to the dungeon's wands.
The leopard gecko looks more healthy.
The leopard gecko barely misses you.
You hit the leopard gecko. Your grab misses the leopard gecko.
The leopard gecko is almost dead.
The leopard gecko bites you.
You die...

#####.....#### ............#
##.#.....##.#
##...#...###.##### #.#
#.....###........# ....
##...## #.##.###.# ... ##.##
#.##.....# #.. #.# #.#####..#
#.# #@# #.# #..# #.# #l#
#.#####.># ###.#### .s.
#........# .......# ....(
#######.## ###.##.## .......
##(#.#
###.#...####.........####....#
...........+.........+.......#
###..)..####....(..(.####....#
######.## ##.#.#


You could see a leopard gecko and a giant cockroach.

Vanquished Creatures
  A goblin (D:1)
  A hobgoblin (D:1)
  2 frilled lizards (D:1)
4 creatures vanquished.

Notes
Turn   | Place    | Note
-------+----------+-------------------------------------------
     0 | D:1      | Ayyar the Octopode Assassin began the quest for the Orb.
     0 | D:1      | Reached XP level 1. HP: 14/14 MP: 1/1
   198 | D:1      | Gained mutation: Your mind is acute. (Int +2) [potion of
                  | mutation]
   198 | D:1      | Lost mutation: Your mind is acute. (Int +2) [potion of
                  | mutation]
   198 | D:1      | Gained mutation: You expend magic power (3 MP) to
                  | strengthen your wands. [potion of mutation]
   199 | D:1      | Slain by a leopard gecko

Illustrated notes

Levels and vault maps discovered:
D:1:      minmay_arrival_pointy, layout_loops_corners, minmay_3d_cube

Action                   || total
-------------------------++-------
Melee: Dagger            ||     9
       Constrict         ||     1
       Tentacles         ||     1
Throw: Dart              ||     4
  Use: Potion            ||     1
 Stab: Sleeping          ||     3
Dodge: Dodged            ||     3

Table legend:
 A = Non-vault XP
 B = Vault XP
 C = Vault XP percentage of total XP
 D = Non-vault monster count
 E = Vault monster count
 F = Vault count percentage of total count
                 A         B        C        D         E       F
            +---------+---------+-------+---------+---------+-------
      Total |       4 |       2 |  33.3 |       3 |       1 |  25.0
            +---------+---------+-------+---------+---------+-------
        D:1 |       4 |       2 |  33.3 |       3 |       1 |  25.0
            +---------+---------+-------+---------+---------+-------
